 Dungeon Sprint DCSS version 0.28.0-53-g5a82cb258f (webtiles) character file.

Game seed: 16642149521199171342

1264 Zeld the Fighter (level 8, 0/129 HPs)
             Began as a Minotaur Berserker on June 9, 2022.
             Was a Priest of Trog.
             Slain by Sonja
             ... wielding a +0 dagger of distortion
              (5 damage)
             ... in the Dungeon (Sprint I: "Red Sonja").
             The game lasted 00:01:20 (1419 turns).

Zeld the Fighter (Minotaur Berserker)               Turns: 1419, Time: 00:01:20

Health: 0/129      AC:  2    Str: 23    XL:     8   Next: 27%
Magic:  7/7        EV: 15    Int:  4    God:    Trog [***...]
Gold:   477        SH:  0    Dex: 11    Spells: 7/7 levels left

rFire   . . .      SeeInvis .   a - +0 hand axe
rCold   . . .      Faith    .   (no shield)
rNeg    . . .      Spirit   .   b - +0 animal skin
rPois   .          Reflect  .   (helmet restricted)
rElec   .          Harm     .   (no cloak)
rCorr   .          Rampage  .   (no gloves)
Will    ++...      NoTele   +   (no boots)
Stlth   ..........              (no amulet)
HPRegen 1.31/turn               (no ring)
MPRegen 0.10/turn               (no ring)

@: berserking, lethally poisoned (0 -> 0), strong-willed, regenerating, slowed
A: horns 2, retaliatory headbutt
a: Renounce Religion, Berserk, Trog's Hand


You were in the Dungeon.
You worshipped Trog.
Trog was most pleased with you.
You visited 1 branch You collected 477 gold pieces.

Inventory:

Hand Weapons
 a - a +0 hand axe (weapon)
Armour
 b - a +0 animal skin (worn)
Wands
 i - a wand of digging (2)
 k - a wand of flame (9)
Scrolls
 h - a scroll of blinking
 l - a scroll of summoning {unknown}
Potions
 c - a potion of curing
 d - a potion of heal wounds
 e - a potion of haste
 f - 2 potions of magic
 g - a potion of berserk rage
 j - a potion of cancellation {unknown}


   Skills:
 * Level 13.2 Fighting
 * Level 13.1 Axes
 + Level 9.2 Armour
 + Level 8.5 Dodging
 + Level 0.0 Evocations


You had 7 spell levels left.
You didn't know any spells.
Your spell library was empty.

Dungeon Overview and Level Annotations

Branches:
Dungeon (1/1)

Altars:
Cheibriados
Dithmenos
Elyvilon
Fedhas
Gozag
Hepliaklqana
Kikubaaqudgha
Makhleb
Nemelex Xobeh
Okawaru
Qazlal
Ru
Sif Muna
Trog
Uskayaw
Vehumet
Wu Jian
Xom
Yredelemnul
Zin
The Shining One
Jiyva
Lugonu

Shops:
D (

Annotations:
D Sonja


Innate Abilities, Weirdness & Mutations

You have a pair of horns on your head.
You reflexively headbutt those who attack you in melee.


Message History

You have difficulty breathing.
You feel yourself slow down.
You barely miss Sonja. You headbutt Sonja!
Sonja is heavily wounded.
You feel sick. Sonja barely misses you.
Sonja hits you with a +0 dagger of distortion.
Sonja closely misses you.
You completely miss Sonja.
Sonja is heavily wounded.
You feel sick.
Sonja hits you with a +0 dagger of distortion!
Space warps around you.
Sonja hits you with a +0 dagger of distortion.
Space warps horribly around you!
Sonja hits you with a +0 dagger of distortion.
Space warps around you!
You closely miss Sonja.
Sonja is heavily wounded.
You feel sick. Sonja barely misses you. Sonja misses you.
Sonja hits you but does no damage.
Unknown command.
You barely miss Sonja. Your headbutt misses Sonja.
Sonja is heavily wounded.
Unknown command.
Unknown command.
You miss Sonja.
Sonja is heavily wounded.
You feel sick.
Sonja hits you with a +0 dagger of distortion. x2
* * * LOW HITPOINT WARNING * * *
Space warps horribly around you!
* * * LOW HITPOINT WARNING * * *
Sonja hits you with a +0 dagger of distortion.
* * * LOW HITPOINT WARNING * * *
Space warps horribly around you!
* * * LOW HITPOINT WARNING * * *
Unknown command.
You slash Sonja!
Sonja is almost dead.
Sonja hits you with a +0 dagger of distortion.
You die...

##########################
#<.#..)..#..'..#__#..')..#
#..').#..').#..'..'..#)..#
#..#####'#####'#__####...+
#..####..#...#.#### #####
#..#__####..##.#
#..#_____##'#_.+
#⌠⌠#_.∩...÷..._#
##.#_..__##_@#'#
#..#_____###K#.#
########## #.### $.$ $.$
##.## #+#


You could see Sonja.

Vanquished Creatures
  2 kobold demonologists (D)
  A slime creature (D)
  A yak (D)
  Sigmund (D)
  A floating eye (D)
  An ogre (D)
  A jelly (D)
  Ijyb (D)
9 creatures vanquished.

Notes
Turn   | Place    | Note
-------+----------+-------------------------------------------
     0 | D        | Zeld the Minotaur Berserker began the quest for the Orb.
     0 | D        | Reached XP level 1. HP: 19/19 MP: 0/0
     2 | D        | Noticed Ijyb
     8 | D        | Killed Ijyb
     9 | D        | Reached skill level 5 in Fighting
     9 | D        | Reached skill level 5 in Axes
     9 | D        | Reached XP level 2. HP: 29/29 MP: 1/1
   302 | D        | Noticed an ogre
   309 | D        | Killed an ogre
   310 | D        | Reached XP level 3. HP: 8/39 MP: 2/2
   310 | D        | Reached XP level 4. HP: 10/47 MP: 3/3
   653 | D        | Noticed Sigmund
   658 | D        | Killed Sigmund
   658 | D        | Reached ** piety under Trog
   659 | D        | Reached skill level 5 in Dodging
   659 | D        | Reached XP level 5. HP: 57/57 MP: 4/4
   919 | D        | Found a burning altar of Makhleb.
   919 | D        | Found a viscous altar of Jiyva.
   919 | D        | Found a shimmering altar of Xom.
   919 | D        | Found a corrupted altar of Lugonu.
   919 | D        | Noticed a slime creature
   926 | D        | Killed a slime creature
   927 | D        | Reached skill level 10 in Fighting
   927 | D        | Reached skill level 10 in Axes
   927 | D        | Reached XP level 6. HP: 67/67 MP: 5/5
   978 | D        | Found an ornate altar of the Wu Jian Council.
   978 | D        | Found a shimmering blue altar of Sif Muna.
   980 | D        | Found a radiant altar of Vehumet.
  1119 | D        | Found Mezoddeo's Antique Weapon Emporium.
  1119 | D        | Found an ancient bone altar of Kikubaaqudgha.
  1119 | D        | Found a hazy altar of Hepliaklqana.
  1119 | D        | Found a hide-covered altar of Uskayaw.
  1119 | D        | Found a basalt altar of Yredelemnul.
  1119 | D        | Found an opulent altar of Gozag.
  1119 | D        | Found a snail-covered altar of Cheibriados.
  1119 | D        | Found a sacrificial altar of Ru.
  1119 | D        | Found a shadowy altar of Dithmenos.
  1119 | D        | Noticed a yak
  1122 | D        | Found a stormy altar of Qazlal.
  1122 | D        | Found a blossoming altar of Fedhas.
  1122 | D        | Found a bloodstained altar of Trog.
  1122 | D        | Found an iron altar of Okawaru.
  1122 | D        | Found a glowing golden altar of the Shining One.
  1122 | D        | Found a glowing silver altar of Zin.
  1122 | D        | Found a white marble altar of Elyvilon.
  1130 | D        | Killed a yak
  1131 | D        | Reached XP level 7. HP: 53/75 MP: 6/6
  1132 | D        | Found a sparkling altar of Nemelex Xobeh.
  1255 | D        | Noticed a kobold demonologist
  1256 | D        | Noticed a kobold demonologist
  1259 | D        | Noticed a smoke demon
  1259 | D        | Reached *** piety under Trog
  1267 | D        | Noticed a red devil
  1267 | D        | Noticed a soul eater
  1269 | D        | Noticed a neqoxec
  1269 | D        | Killed a kobold demonologist
  1270 | D        | Reached XP level 8. HP: 34/85 MP: 7/7
  1274 | D        | Killed a kobold demonologist
  1411 | D        | Noticed Sonja
  1418 | D        | HP: 5/129 [Sonja/+0 dagger of distortion (14)]
  1419 | D        | Slain by Sonja

Illustrated notes

Levels and vault maps discovered:
D:        dungeon_sprint_1 [red_sonja_temple_1, red_sonja_temple_small_1]

Skill      XL: |  1  2  3  4  5  6  7  8 |
---------------+-------------------------+-----
Fighting       | 5 7 9 10 11 12 13 | 13.2
Axes           | 5 7 9 10 11 12 13 | 13.1
Armour         | 3 4 6 7 8 9 |  9.2
Dodging        | 3 4 5 6 7 8 |  8.5

Action                   |  1- 3 |  4- 6 |  7- 9 || total
-------------------------+-------+-------+-------++-------
Melee: Hand axe          |    10 |    20 |    23 ||    53
       Headbutt          |     1 |     6 |     5 ||    12
       Punch             |       |       |     1 ||     1
Invok: Berserk           |     2 |     2 |     2 ||     6
       Trog's Hand       |       |       |     1 ||     1
Evoke: Wand              |     1 |       |     1 ||     2
Armor: Animal skin       |       |     1 |     2 ||     3
Dodge: Dodged            |     3 |     7 |    13 ||    23
